Map: Thunderbird LE

Players

llllllllllll (Trap) - Winner!

  • Race: Protoss Protoss
  • League: Master
  • Spawn Location: 11:00

soul

  • Race: Terran Terran
  • League: Grandmaster
  • Spawn Location: 5:00

Event: HomeStory Cup XX

VOD

Have the link to the VOD?

Description

Time

  • Played on: Nov. 21, 2019, 5 a.m.
  • Length: 9:50

All games in this series

Show
View Real Time Build Order
Export as new Build Order

llllllllllll Protoss - Winner!

Build Orders: 1 Gate Expand, Oracle Opening 

Get SALT Encoding   

  12  0:00  Probe  
  13  0:12  Probe  
  14  0:17  Pylon  
  14  0:24  Probe  
  15  0:32  Probe  
  15  0:37  Gateway  
  15  0:40  Probe  
  16  0:46  Assimilator  
  17  0:50  Probe  
  18  1:03  Probe  
  19  1:15  Probe  
  20  1:23  Nexus  
  20  1:32  Cybernetics Core  
  20  1:35  Probe  
  21  1:40  Assimilator  
  21  1:47  Probe  
  21  1:50  Pylon  
  22  1:59  Adept, Probe  
  23  2:11  Probe  
  23  2:14  Stargate  
  26  2:22  Warp Gate  
  26  2:23  Probe  
  26  2:24  Stalker  
  29  2:30  Probe  
  29  2:35  Probe  
  31  2:38  Probe  
  32  2:47  Probe  
  32  2:49  Probe  
  32  2:51  Oracle  
  33  3:00  Probe  
  33  3:01  Probe  
  38  3:06  Pylon  
  38  3:12  Probe  
  39  3:13  Probe  
  40  3:20  Oracle  
  40  3:24  Probe, Gateway  
  40  3:25  Probe, Gateway  
  45  3:36  Probe  
  45  3:37  Probe  
  47  3:42  Pylon  
  47  3:48  Probe  
  48  3:49  Probe  
  48  3:52  Oracle  
  49  4:00  Probe  
  49  4:01  Probe  
  54  4:06  Nexus  
  54  4:14  Stalker  
  56  4:18  Stalker  
  56  4:19  Zealot  
  56  4:23  Assimilator  
  58  4:24  Pylon  
  58  4:25  Assimilator  
  58  4:26  Phoenix  
  60  4:33  Pylon  
  60  4:35  Probe x2  
  62  4:41  Pylon  
  62  4:43  Stalker  
  62  4:45  Zealot  
  66  4:48  Zealot  
  68  4:56  Phoenix  
  68  4:57  Probe x2  
  72  5:12  Forge  
  72  5:15  Twilight Council  
  72  5:18  Probe x3  
  72  5:20  Stalker x2  
  79  5:24  Protoss Ground Armor Level 1  
  79  5:27  Stalker  
  81  5:30  Probe x3  
  81  5:31  Charge  
  84  5:42  Probe x3  
  87  5:44  Robotics Facility  
  87  5:47  Pylon  
  87  5:54  Probe x3  
  90  6:06  Probe x2  
  90  6:07  Probe  
  93  6:12  Gateway  
  93  6:15  Gateway  
  93  6:17  Gateway  
  93  6:18  Gateway  
  93  6:20  Gateway  
  93  6:21  Templar Archives  
  93  6:23  Sentry, Zealot x2  
  93  6:24  Warp Prism  
  99  6:27  Pylon  
  99  6:30  Probe x3  
  102  6:38  Pylon  
  104  6:42  Probe x3  
  104  6:43  Assimilator  
  104  6:46  Pylon  
  107  6:47  Assimilator  
  107  6:52  Psionic Storm  
  107  6:54  Probe x3  
  110  7:03  Zealot x3  
  116  7:13  Probe  
  116  7:14  Probe x2  
  119  7:16  High Templar x2  
  119  7:20  High Templar  
  119  7:21  Zealot x2  
  129  7:24  Pylon  
  129  7:26  Zealot x2  
  129  7:29  Pylon  
  133  7:30  Pylon  
  133  7:31  Photon Cannon  
  133  7:33  Nexus  
  133  7:42  Observer  
  134  7:45  High Templar x2  
  134  7:47  Zealot x3  
  134  7:48  Zealot x2  
  148  7:53  Pylon  
  148  7:56  Photon Cannon  
  148  7:59  Probe x3  
  148  8:05  Pylon, Immortal  
  151  8:07  Zealot x3  
  151  8:12  Pylon, Zealot  
  163  8:23  Pylon  
  163  8:25  Photon Cannon  
  163  8:29  Forge  
  163  8:37  Immortal  
  163  8:46  Robotics Facility  
  163  8:48  Robotics Bay  
  159  8:57  Zealot x3  
  159  8:58  Zealot  
  167  9:03  Gateway  
  167  9:05  Gateway  
  167  9:06  Gateway  
  167  9:18  Assimilator  
  167  9:19  Assimilator  
  165  9:37  Zealot x6  
  165  9:38  Zealot x2  
  159  9:43  Archon  
  159  9:44  Archon  
Show
View Real Time Build Order
Export as new Build Order

soul Terran 

Build Orders: Gas First Reaper Expand 

Get SALT Encoding   

  12  0:00  SCV  
  13  0:12  SCV  
  14  0:16  Supply Depot  
  14  0:25  SCV  
  15  0:30  Refinery  
  15  0:38  SCV  
  16  0:44  Barracks  
  16  0:50  SCV  
  17  1:02  SCV  
  18  1:14  SCV  
  19  1:32  Orbital Command, Reaper  
  20  1:46  Command Center  
  20  1:59  SCV  
  21  2:03  Factory  
  21  2:09  Barracks Reactor  
  21  2:11  SCV  
  22  2:16  Supply Depot  
  22  2:20  Refinery  
  22  2:24  SCV  
  23  2:38  SCV  
  24  2:50  Starport, Marine x2  
  26  2:53  Factory Tech Lab  
  26  2:58  SCV  
  27  3:06  Orbital Command  
  27  3:08  Marine x2  
  28  3:17  SCV  
  28  3:19  Cyclone  
  32  3:26  Marine x2  
  34  3:29  SCV  
  34  3:32  Supply Depot  
  34  3:33  SCV  
  36  3:36  Viking  
  38  3:41  SCV  
  38  3:44  Marine  
  38  3:45  SCV  
  38  3:46  Marine  
  42  3:52  Supply Depot  
  42  3:53  SCV  
  43  3:57  SCV  
  43  4:02  Marine  
  45  4:04  Marine  
  45  4:05  SCV  
  45  4:07  Siege Tank  
  45  4:09  SCV  
  51  4:19  Bunker  
  51  4:22  SCV  
  52  4:25  Command Center  
  52  4:27  SCV  
  52  4:31  Marine x2  
  53  4:37  Barracks  
  55  4:39  SCV  
  55  4:41  SCV  
  57  4:47  Barracks  
  57  4:50  Siege Tank  
  60  4:53  SCV  
  60  4:56  Marine  
  62  5:00  Supply Depot  
  62  5:02  Supply Depot  
  62  5:06  Starport Tech Lab  
  62  5:12  Refinery  
  62  5:15  Refinery  
  62  5:21  Marine x2, SCV x2  
  62  5:23  Supply Depot  
  62  5:24  Supply Depot  
  65  5:33  Stimpack, Engineering Bay, SCV  
  65  5:34  Engineering Bay  
  65  5:35  Starport Reactor  
  66  5:37  Marine, Factory Reactor  
  66  5:40  Orbital Command  
  67  5:43  SCV  
  67  5:46  Combat Shield  
  67  5:48  Marauder  
  70  5:52  SCV  
  70  5:53  Marine  
  70  5:54  Marine  
  70  5:55  SCV  
  74  5:58  Marauder  
  74  6:01  Terran Infantry Weapons Level 1  
  76  6:04  Terran Infantry Armor Level 1  
  76  6:08  SCV x2  
  76  6:11  Marauder  
  80  6:21  Marine, Marauder, SCV  
  80  6:24  Medivac x2, Supply Depot  
  88  6:26  Widow Mine, Orbital Command  
  88  6:28  Widow Mine  
  88  6:30  SCV  
  93  6:33  SCV  
  93  6:38  Barracks  
  94  6:42  Marauder, SCV  
  94  6:43  Barracks  
  94  6:45  Marauder  
  99  6:47  SCV  
  99  6:48  Marine  
  99  6:51  Marine  
  94  7:04  Marauder  
  94  7:05  Marine  
  94  7:06  Marauder, SCV x2  
  94  7:07  SCV  
  102  7:09  Marine  
  102  7:12  Concussive Shells  
  100  7:17  Medivac x2  
  100  7:18  SCV  
  100  7:19  SCV x2  
  107  7:23  Widow Mine  
  107  7:25  Marauder  
  107  7:26  Missile Turret  
  107  7:29  Missile Turret  
  109  7:32  Barracks Tech Lab, Missile Turret, Barracks Reactor  
  109  7:33  SCV  
  109  7:34  SCV  
  111  7:38  SCV  
  104  7:46  SCV x2  
  104  7:49  Supply Depot x2  
  104  7:50  SCV  
  107  7:57  Marine, Marauder x2  
  107  7:58  SCV x2  
  113  8:02  Marauder, SCV  
  117  8:10  Marine  
  117  8:11  Supply Depot, SCV x2  
  117  8:12  Supply Depot  
  120  8:16  Armory  
  120  8:18  Marauder  
  122  8:20  Ghost Academy  
  122  8:21  Marine  
  122  8:22  Marauder  
  122  8:24  Marauder  
  122  8:26  Widow Mine x2, SCV  
  132  8:35  Marine  
  132  8:37  Marine  
  132  8:40  Supply Depot  
  132  8:41  Supply Depot  
  135  8:42  SCV x2  
  135  8:45  Marine  
  138  8:49  SCV  
  138  8:54  SCV  
  140  8:55  Ghost  
  140  8:56  Ghost x2  
  140  8:57  SCV  
  140  9:01  SCV  
  140  9:02  Supply Depot  
  144  9:04  Supply Depot  
  143  9:10  SCV  
  144  9:17  SCV  
  144  9:23  SCV  
  146  9:24  Command Center  
Tags
 
Add a new tag
Caveats
  • Supply blocks, unpowered buildings, or Contaminate may cause inaccurate times.
  • Supply counts are checked every 10 seconds.